 Dungeon Crawl Stone Soup version 0.31-a0-180-g519b7de00c (webtiles) character file.

Game seed: 17520332560146712585

59162 qw the Cleaver (level 14, -3/90 HPs)
             Began as a Gargoyle Fighter on June 20, 2023.
             Was an Elder of Okawaru.
             Slain by an enormous slime creature (57 damage)
             ... on level 12 of the Dungeon.
             The game lasted 00:09:32 (16195 turns).

qw the Cleaver (Gargoyle Fighter)                  Turns: 16195, Time: 00:09:32

Health: -3/90      AC: 42    Str: 22    XL:     14   Next: 93%
Magic:  20/21      EV: 10    Int: 10    God:    Okawaru [****..]
Gold:   1434       SH: 16    Dex: 13    Spells: 13/13 levels left

rFire   . . .        s - +2 broad axe (heavy)
rCold   + . .        l - +2 kite shield of Jigsaw {Str-2 Dex+4 SInv}
rNeg    + . .        f - +0 plate armour
rPois   inf          y - +2 helmet {SInv}
rElec   +            c - +2 cloak
rCorr   .            h - +0 pair of gloves
SInv    +            p - +0 pair of boots {Fly}
Will    +....        a - amulet of regeneration Stlth
                     v - ring of protection from cold
HPRegen 1.15/turn    r - +4 ring of protection
MPRegen 0.17/turn

%: no passive effects
@: about to teleport, heroic, flying
A: sickness immunity, AC +10, big wings, negative energy resistance 1,
electricity resistance, torment resistance 1, petrification resistance
a: Renounce Religion, Heroism, Finesse


You were on level 12 of the Dungeon.
You worshipped Okawaru.
Okawaru was greatly pleased with you.
You visited 2 branches of the dungeon, and saw 17 of its levels.

You collected 1518 gold pieces.
You spent 84 gold pieces at shops.


Innate Abilities, Weirdness & Mutations

You are immune to sickness and miasma.
Your stone body is resilient. (AC +10)
You are immune to poison.
Your large and strong wings let you fly.
You resist negative energy. (rN+)
You are resistant to electric shocks. (rElec)
You are resistant to unholy torment.
You are immune to petrification.


   Skills:
 - Level 11.1(16.1) Fighting
 + Level 14.6(19.6) Axes
 - Level 6.0(11.0) Throwing
 - Level 11.0(16.0) Armour
 - Level 3.0(8.0) Dodging
 - Level 12.0(17.0) Shields
 - Level 10.0 Invocations


You had 13 spell levels left.
You didn't know any spells.
Your spell library was empty.

Inventory:

Hand Weapons
 q - a +0 demon whip of venom
 s - a +2 heavy broad axe (weapon)
 w - a +0 morningstar
Missiles
 u - 2 boomerangs (quivered)
Armour
 c - a +2 cloak (worn)
 f - a +0 plate armour (worn)
 h - a +0 pair of gloves (worn)
 l - the +2 kite shield of Jigsaw (worn) {Str-2 Dex+4 SInv}
   (Okawaru gifted it to you on level 5 of the Lair of Beasts)

   Str:       It affects your strength (-2).
   Dex:       It affects your dexterity (+4).
   SInv:      It lets you see invisible.
 p - a +0 pair of boots of flying (worn)
 y - a +2 helmet of see invisible (worn)
Jewellery
 a - an amulet of regeneration (around neck)
 g - a ring of see invisible
 j - a ring of ice
 r - a +4 ring of protection (right hand)
 v - a ring of protection from cold (left hand)
Scrolls
 i - 9 scrolls of teleportation
 m - 5 scrolls of identify
Potions
 b - 8 potions of curing
 d - 6 potions of might
 e - 4 potions of heal wounds
 k - 2 potions of enlightenment
 n - 3 potions of attraction
 o - 5 potions of mutation
 x - a potion of haste
 z - a potion of magic

Dungeon Overview and Level Annotations

Branches:
Dungeon (12/15)            Temple (0/1) D:5            Lair (5/5) D:9
 Shoals (0/4) Lair:2        Snake (0/4) Lair:2        Slime (0/5) Lair:5
    Orc: D:9-12

Altars:
Dithmenos
Elyvilon
Fedhas
Gozag
Nemelex Xobeh
Okawaru
Ru
Trog
Vehumet
Wu Jian
Jiyva

Shops:
D:3 !

Annotations:
D:3 1 runed translucent door, qw's ghost, amateur NaHu
D:4 3 runed translucent doors, qw's ghost, amateur GrFi
D:7 2 transporters, 1 runed translucent door, Crazy Yiuf; qw's ghost, novice GrFi
D:9 exclusion: orc wizard
D:12 Nessos
Lair:1 2 transporters, qw's ghost, novice GrFi


Message History

Nessos shoots an arrow.
The arrow hits you. The arrow burns you.
The slime creature hits you but does no damage.
Two slime creatures merge to form a large slime creature.
You hit the large slime creature.
The large slime creature is lightly wounded.
Nessos shoots an arrow.
You block the arrow.
Nessos shoots an arrow.
The arrow hits you but does no damage.
A slime creature comes into view.
Nessos shoots an arrow.
The arrow barely misses you.
The slime creature quivers.
You slash the large slime creature!
The large slime creature is lightly wounded.
Nessos shoots an arrow.
You block the arrow.
Nessos stands on their hind legs for a moment.
Nessos gestures wildly while chanting.
Nessos blinks!
You chop the large slime creature into pieces!!!
The large slime creature is heavily wounded.
Nessos shoots an arrow.
You block the arrow.
A slime creature comes into view.
Two slime creatures merge to form a very large slime creature.
Nessos shoots an arrow.
You block the arrow.
You hit the very large slime creature.
The very large slime creature is moderately wounded.
Nessos shoots an arrow.
You block the arrow.
Nessos mumbles some strange words.
Nessos blinks!
Two slime creatures merge to form an enormous slime creature.
16194 ||| READING 10 scrolls of teleportation.
As you read the scroll of teleportation, it crumbles to dust.
You feel strangely unstable.
Nessos gestures wildly while chanting.
Nessos blinks!
You slice the enormous slime creature!!
The enormous slime creature is moderately wounded.
Nessos stands on their hind legs for a moment.
Nessos shoots an arrow.
You block the arrow.
Nessos shoots an arrow.
The arrow hits you. The arrow burns you.
The enormous slime creature hits you!!!
Ouch! That really hurt!
You die...

#...#J #.#$:.#.
#.#...#. ###..#.#..#
###### ......#....
...ยค.
##...#.#...###...#
...#.#...#.#J..#.#
....#.....#..J..#
..#.#...#.#.c@#.#
##...#.#...###...#
......#............#
####
#..#.#..##########
##.###.#...#.#
#....#.#...#?#
#..###.#...#.#
#..###..#.#..#
...#.#...#...#


You could see Nessos (fast), an enormous slime creature and a slime creature.

Vanquished Creatures
  A fire dragon (Lair:5)
  Fannar (D:12)
  4 hydras
  2 catoblepae
  A boulder beetle (Lair:2)
  Erica (D:8)
  3 death yaks (Lair:5)
  Amaemon (D:8)
  A swamp dragon (Lair:5)
  Pikel (D:7)
  A lindwurm (Lair:5)
  A deep elf pyromancer (D:12)
  3 wolf spiders
  An ugly thing (D:12)
  14 elephants
  A water nymph (Lair:2)
  Maurice (D:12)
  A guardian serpent (Lair:5)
  Joseph (D:8)
  14 black mambas
  An orange demon (D:8)
  18 cane toads
  2 gargoyles (D:12)
  3 rime drakes
  17 komodo dragons
  4 polar bears
  Grinder (D:5)
  5 hornets
  7 blink frogs
  7 dream sheep (Lair:4)
  3 slime creatures (D:12)
  A water elemental (D:12)
  10 wyverns
  A spriggan (Lair:1)
  Sigmund (D:4)
  2 wraiths (D:10)
  44 yaks
  A vampire (D:9)
  5 steam dragons
  A redback (Lair:5)
  4 vampire mosquitoes (D:12)
  6 basilisks
  3 acid dragons
  Edmund (D:4)
  31 water moccasins
  2 swamp drakes (Lair:5)
  4 ice beasts
  5 orc warriors
  3 black bears
  2 ogres (D:5)
  3 centaurs
  13 wolves (Lair:3)
  A phantom (D:5)
  A lemure (D:7)
  11 bullfrogs
  2 kobold brigands (D:9)
  2 gnoll sergeants
  5 scorpions
  5 wights (D:8)
  6 killer bees (D:10)
  5 electric eels
  5 howler monkeys
  3 orc priests
  A gnoll bouda (D:5)
  A hound (D:5)
  A jelly (D:6)
  6 iguanas
  2 sleepcaps
  13 orc wizards
  8 hell rats (Lair:3)
  5 adders
  14 gnolls
  10 river rats (Lair:3)
  A shadow imp (D:8)
  2 white imps
  2 ufetubi
  2 dart slugs (D:2)
  42 orcs
  7 ball pythons
  2 endoplasms
  2 giant cockroaches
  7 goblins
  7 hobgoblins
  10 quokkas
  3 bats
  3 frilled lizards (D:1)
  12 kobolds
  17 rats
491 creatures vanquished.

Notes
Turn   | Place    | Note
-------+----------+-------------------------------------------
     0 | D:1      | qw the Gargoyle Fighter began the quest for the Orb.
     0 | D:1      | Reached XP level 1. HP: 14/14 MP: 1/1
     0 | D:1      | 0 ||| qw: Version: 0.3-a-9-g12657ce
     0 | D:1      | 0 ||| qw: Game counter: 1151
     0 | D:1      | 0 ||| qw: Always use a shield: true
     0 | D:1      | 0 ||| qw: God list: Okawaru
     0 | D:1      | 0 ||| qw: Allow faded altars: false
     0 | D:1      | 0 ||| qw: Do Orc after D:15 true
     0 | D:1      | 0 ||| qw: Do second Lair branch before Depths: true
     0 | D:1      | 0 ||| qw: Lair rune preference: random
     0 | D:1      | 0 ||| qw: Plans: Normal, Zot:1-4, Slime:5, God:TSO, Crypt,
                  | Tomb, Abyss, Pan, Hells, Win
     0 | D:1      | 0 ||| PLANNING D:1-11
    59 | D:1      | Reached skill level 2 in Axes
   338 | D:1      | Reached XP level 2. HP: 19/19 MP: 2/2
   580 | D:1      | Found a faded altar of an unknown god.
   645 | D:1      | 645 ||| UPGRADING to +0 plate armour.
   655 | D:1      | 655 ||| DROPPING +0 scale mail.
   656 | D:1      | 656 ||| UPGRADING to +0 pair of gloves.
   661 | D:1      | 661 ||| READING scroll labelled ZOSUVE BISANI.
   662 | D:1      | 662 ||| READING scroll labelled ICHEFO JOUKEFA.
   663 | D:1      | 663 ||| READING scroll labelled FOETOO NUDEMMI.
   664 | D:1      | 664 ||| READING 3 scrolls labelled RECUMI SISO.
   665 | D:1      | 665 ||| READING 2 scrolls of enchant weapon.
   665 | D:1      | 665 ||| ENCHANTING +1 war axe.
   666 | D:1      | 666 ||| READING scroll of enchant weapon.
   666 | D:1      | 666 ||| ENCHANTING +2 war axe.
   667 | D:1      | 667 ||| READING scroll labelled IROJUDOFFOI.
   793 | D:2      | 793 ||| Stepping ~*~*~tactically~*~*~ (hiding).
   817 | D:2      | 817 ||| Stepping ~*~*~tactically~*~*~ (stealth).
   835 | D:2      | Reached skill level 3 in Axes
   837 | D:2      | Reached XP level 3. HP: 23/23 MP: 3/3
  1161 | D:2      | 1161 ||| DROPPING +0 mace.
  1200 | D:2      | Reached XP level 4. HP: 28/28 MP: 4/4
  1444 | D:2      | 1444 ||| READING scroll labelled HERHOR DEADERU.
  1445 | D:2      | 1445 ||| READING scroll labelled UGGUHE VAUHI.
  1446 | D:2      | 1446 ||| READING scroll labelled BOGI ICINAPT.
  1447 | D:2      | 1447 ||| READING scroll labelled BAHOME DAFE.
  1452 | D:2      | 1452 ||| READING scroll labelled JIPURIORUX.
  1553 | D:2      | 1553 ||| READING 3 scrolls of identify.
  1553 | D:2      | 1553 ||| IDENTIFYING fuming yellow potion
  1554 | D:2      | 1554 ||| READING 2 scrolls of identify.
  1554 | D:2      | 1554 ||| IDENTIFYING lumpy brown potion
  1555 | D:2      | 1555 ||| DROPPING potion of brilliance.
  1556 | D:2      | 1556 ||| DROPPING potion of invisibility.
  1587 | D:3      | Reached skill level 4 in Axes
  1632 | D:3      | 1632 ||| Stepping ~*~*~tactically~*~*~ (stealth).
  1792 | D:3      | 1792 ||| Stepping ~*~*~tactically~*~*~ (stealth).
  1897 | D:3      | Found a runed translucent door.
  1905 | D:3      | Noticed qw's ghost (amateur NaHu)
  1951 | D:3      | Found Yxkolehi's Distillery.
  1955 | D:3      | 1955 ||| SHOPLISTING 2 potions of cancellation (224 gold,
                  | have 114).
  1955 | D:3      | 1955 ||| BUYING potion of curing (42 gold).
  1955 | D:3      | Bought a potion of curing for 42 gold pieces
  1955 | D:3      | 1955 ||| BUYING potion of curing (42 gold).
  1955 | D:3      | Bought a potion of curing for 42 gold pieces
  1955 | D:3      | 1955 ||| SHOPLISTING potion of enlightenment (70 gold, have
                  | 30).
  1955 | D:3      | 1955 ||| SHOPLISTING potion of haste (140 gold, have 30).
  1955 | D:3      | 1955 ||| SHOPLISTING potion of magic (112 gold, have 30).
  2138 | D:3      | 2138 ||| DROPPING amulet of magic regeneration.
  2139 | D:3      | 2139 ||| UPGRADING to ring of see invisible.
  2140 | D:3      | 2140 ||| DRINKING 2 fizzy golden potions.
  2244 | D:3      | 2244 ||| DROPPING potion of berserk rage.
  2285 | D:4      | Noticed a scorpion
  2301 | D:4      | Killed a scorpion
  2302 | D:4      | Reached XP level 5. HP: 23/32 MP: 5/5
  2354 | D:4      | 2354 ||| Stepping ~*~*~tactically~*~*~ (stealth).
  2365 | D:4      | Reached skill level 5 in Axes
  2474 | D:4      | Noticed Edmund
  2485 | D:4      | Killed Edmund
  2486 | D:4      | Reached XP level 6. HP: 35/40 MP: 6/6
  2521 | D:4      | 2521 ||| DROPPING +0 flail.
  2547 | D:4      | Found a runed translucent gate.
  2547 | D:4      | Found a runed translucent gate.
  2547 | D:4      | Found a runed translucent gate.
  2583 | D:4      | Noticed qw's ghost (amateur GrFi)
  2589 | D:4      | Noticed Sigmund
  2594 | D:4      | Killed Sigmund
  2595 | D:4      | Reached skill level 6 in Axes
  2595 | D:4      | Reached XP level 7. HP: 44/44 MP: 7/7
  2996 | D:4      | 2996 ||| Stepping ~*~*~tactically~*~*~ (stealth).
  3017 | D:4      | Found a shadowy altar of Dithmenos.
  3024 | D:4      | Found a blossoming altar of Fedhas.
  3031 | D:4      | Found a sacrificial altar of Ru.
  3039 | D:4      | Found a white marble altar of Elyvilon.
  3046 | D:4      | Found a sparkling altar of Nemelex Xobeh.
  3055 | D:4      | Found an iron altar of Okawaru.
  3056 | D:4      | 3056 ||| PLANNING OKAWARU WORSHIP
  3056 | D:4      | 3056 ||| UPGRADING to +0 helmet.
  3061 | D:4      | 3061 ||| DROPPING ring of wizardry.
  3062 | D:4      | 3062 ||| READING scroll labelled BEV TAKIPP.
  3093 | D:4      | 3093 ||| READING scroll labelled HYGIOPAGIO.
  3094 | D:4      | 3094 ||| READING 3 scrolls of identify.
  3094 | D:4      | 3094 ||| IDENTIFYING fuming inky potion
  3098 | D:4      | Became a worshipper of Warmaster Okawaru
  3099 | D:4      | 3099 ||| PLANNING D:1-11
  3108 | D:4      | Found a radiant altar of Vehumet.
  3625 | D:5      | Entered Level 5 of the Dungeon
  3851 | D:5      | Reached skill level 7 in Axes
  3851 | D:5      | Reached XP level 8. HP: 48/48 MP: 8/8
  3882 | D:5      | Noticed Grinder
  3903 | D:5      | Killed Grinder
  3967 | D:5      | Found an ornate altar of the Wu Jian Council.
  4000 | D:5      | 4000 ||| Stepping ~*~*~tactically~*~*~ (hiding).
  4008 | D:5      | Reached * piety under Okawaru
  4009 | D:5      | 4009 ||| INVOKING Heroism.
  4020 | D:5      | 4020 ||| INVOKING Heroism.
  4029 | D:5      | Reached skill level 8 in Axes
  4032 | D:5      | 4032 ||| INVOKING Heroism.
  4243 | D:5      | Found a staircase to the Ecumenical Temple.
  4261 | D:5      | Reached skill level 1 in Throwing
  4607 | D:5      | 4607 ||| READING scroll labelled QIOPHU XATEITS.
  4608 | D:5      | 4608 ||| READING 3 scrolls of identify.
  4608 | D:5      | 4608 ||| IDENTIFYING red potion
  4609 | D:5      | 4609 ||| READING 2 scrolls of identify.
  4609 | D:5      | 4609 ||| IDENTIFYING glowing purple potion
  4655 | D:6      | Reached skill level 6 in Fighting
  4655 | D:6      | Reached XP level 9. HP: 55/55 MP: 9/9
  4669 | D:6      | Reached skill level 1 in Invocations
  4873 | D:6      | 4873 ||| Stepping ~*~*~tactically~*~*~ (hiding).
  4880 | D:6      | 4880 ||| Stepping ~*~*~tactically~*~*~ (stealth).
  4994 | D:6      | 4994 ||| INVOKING Heroism.
  5185 | D:6      | 5185 ||| INVOKING Heroism.
  5227 | D:6      | 5227 ||| Stepping ~*~*~tactically~*~*~ (stealth).
  5481 | D:6      | 5481 ||| UPGRADING to +0 kite shield.
  5491 | D:6      | 5491 ||| DROPPING +0 buckler.
  5492 | D:6      | 5492 ||| READING scroll labelled VUCAGI MEUN.
  5493 | D:6      | 5493 ||| READING scroll labelled HOHAIT BOISOJE.
  5572 | D:7      | 5572 ||| Stepping ~*~*~tactically~*~*~ (stealth).
  5582 | D:7      | Reached skill level 3 in Invocations
  5692 | D:7      | Noticed a boulder beetle
  5693 | D:7      | Noticed a boulder beetle
  5733 | D:7      | 5733 ||| Stepping ~*~*~tactically~*~*~ (hiding).
  5850 | D:7      | Noticed qw's ghost (novice GrFi)
  5881 | D:7      | Found a transporter.
  5884 | D:7      | Found a transporter.
  5973 | D:7      | 5973 ||| DRINKING 5 potions of curing.
  5973 | D:7      | 5973 ||| (to cure confusion)
  5985 | D:7      | 5985 ||| Stepping ~*~*~tactically~*~*~ (stealth).
  5987 | D:7      | 5987 ||| Stepping ~*~*~tactically~*~*~ (hiding).
  5988 | D:7      | 5988 ||| Stepping ~*~*~tactically~*~*~ (hiding).
  6137 | D:7      | Found a runed translucent door.
  6138 | D:7      | Noticed Crazy Yiuf
  6276 | D:7      | Noticed Pikel
  6277 | D:7      | 6277 ||| INVOKING Heroism.
  6287 | D:7      | Killed Pikel
  6287 | D:7      | Reached ** piety under Okawaru
  6288 | D:7      | Reached skill level 6 in Shields
  6362 | D:7      | 6362 ||| UPGRADING to amulet of regeneration.
  6367 | D:7      | 6367 ||| DROPPING amulet of guardian spirit.
  6368 | D:7      | 6368 ||| DROPPING +6 ring of intelligence.
  6369 | D:7      | 6369 ||| READING 3 scrolls of identify.
  6369 | D:7      | 6369 ||| IDENTIFYING green potion
  6370 | D:7      | 6370 ||| READING 2 scrolls of identify.
  6370 | D:7      | 6370 ||| IDENTIFYING cyan potion
  6371 | D:7      | 6371 ||| DROPPING potion of degeneration.
  6372 | D:7      | 6372 ||| DROPPING potion of ambrosia.
  6575 | D:8      | 6575 ||| INVOKING Heroism.
  6608 | D:8      | Noticed Erica
  6610 | D:8      | 6610 ||| INVOKING Heroism.
  6617 | D:8      | Paralysed by Erica for 3 turns
  6628 | D:8      | Killed Erica
  6629 | D:8      | Reached XP level 10. HP: 47/60 MP: 13/13
  6633 | D:8      | 6633 ||| FLEEEEING.
  6634 | D:8      | 6634 ||| FLEEEEING.
  6635 | D:8      | 6635 ||| FLEEEEING.
  6636 | D:8      | 6636 ||| FLEEEEING.
  6637 | D:8      | 6637 ||| FLEEEEING.
  6638 | D:8      | 6638 ||| FLEEEEING.
  6651 | D:8      | 6651 ||| INVOKING Heroism.
  6709 | D:8      | 6709 ||| Stepping ~*~*~tactically~*~*~ (hiding).
  6711 | D:8      | 6711 ||| INVOKING Heroism.
  6759 | D:8      | 6759 ||| INVOKING Heroism.
  6766 | D:8      | Noticed Joseph
  6770 | D:8      | Reached skill level 9 in Axes
  6771 | D:8      | 6771 ||| Stepping ~*~*~tactically~*~*~ (hiding).
  6783 | D:8      | Killed Joseph
  6947 | D:8      | 6947 ||| INVOKING Heroism.
  6956 | D:8      | Reached skill level 6 in Armour
  7013 | D:8      | 7013 ||| READING scroll of brand weapon.
  7013 | D:8      | 7013 ||| BRANDING +3 war axe of chaos.
  7014 | D:8      | 7014 ||| DROPPING +0 hand axe.
  7113 | D:8      | 7113 ||| Stepping ~*~*~tactically~*~*~ (stealth).
  7262 | D:8      | Noticed Amaemon
  7262 | D:8      | Noticed an orange demon
  7263 | D:8      | 7263 ||| Stepping ~*~*~tactically~*~*~ (hiding).
  7266 | D:8      | 7266 ||| INVOKING Heroism.
  7281 | D:8      | Killed Amaemon
  7282 | D:8      | Reached skill level 3 in Throwing
  7289 | D:8      | Killed an orange demon
  7289 | D:8      | Reached *** piety under Okawaru
  7290 | D:8      | Reached skill level 9 in Shields
  7412 | D:8      | 7412 ||| UPGRADING to +2 cloak.
  7417 | D:8      | 7417 ||| DROPPING +2 hat.
  7418 | D:8      | 7418 ||| READING scroll labelled SISHRE KEEMM.
  7433 | D:9      | 7433 ||| INVOKING Heroism.
  7485 | D:9      | Reached XP level 11. HP: 57/67 MP: 14/14
  7487 | D:9      | Reached skill level 10 in Axes
  7531 | D:9      | 7531 ||| Stepping ~*~*~tactically~*~*~ (hiding).
  7697 | D:9      | 7697 ||| Stepping ~*~*~tactically~*~*~ (hiding).
  7700 | D:9      | 7700 ||| INVOKING Heroism.
  7725 | D:9      | 7725 ||| Stepping ~*~*~tactically~*~*~ (cloud).
  7729 | D:9      | 7729 ||| INVOKING Heroism.
  7748 | D:9      | 7748 ||| Stepping ~*~*~tactically~*~*~ (hiding).
  7878 | D:9      | Found a staircase to the Lair.
  7998 | D:9      | 7998 ||| INVOKING Heroism.
  8054 | D:9      | 8054 ||| DRINKING 7 potions of curing.
  8054 | D:9      | 8054 ||| (to cure confusion)
  8128 | D:9      | 8128 ||| Stepping ~*~*~tactically~*~*~ (hiding).
  8132 | D:9      | 8132 ||| Stepping ~*~*~tactically~*~*~ (hiding).
  8133 | D:9      | 8133 ||| Stepping ~*~*~tactically~*~*~ (hiding).
  8134 | D:9      | 8134 ||| Stepping ~*~*~tactically~*~*~ (hiding).
  8135 | D:9      | 8135 ||| Stepping ~*~*~tactically~*~*~ (hiding).
  8136 | D:9      | 8136 ||| Stepping ~*~*~tactically~*~*~ (hiding).
  8137 | D:9      | 8137 ||| Stepping ~*~*~tactically~*~*~ (hiding).
  8253 | D:9      | 8253 ||| INVOKING Heroism.
  8278 | D:9      | 8278 ||| INVOKING Heroism.
  8316 | D:9      | 8316 ||| INVOKING Heroism.
  8340 | D:9      | 8340 ||| Stepping ~*~*~tactically~*~*~ (stealth).
  8349 | D:9      | 8349 ||| READING scroll of enchant weapon.
  8349 | D:9      | 8349 ||| ENCHANTING +3 war axe of freezing.
  8356 | D:9      | 8356 ||| INVOKING Heroism.
  8613 | D:9      | 8613 ||| Stepping ~*~*~tactically~*~*~ (stealth).
  8618 | D:9      | 8618 ||| FLEEEEING.
  8619 | D:9      | 8619 ||| FLEEEEING.
  8620 | D:9      | 8620 ||| FLEEEEING.
  8621 | D:9      | 8621 ||| FLEEEEING.
  8622 | D:9      | 8622 ||| FLEEEEING.
  8632 | D:9      | 8632 ||| FLEEEEING.
  8650 | D:9      | 8650 ||| PLANNING LAIR
  8650 | D:9      | 8650 ||| READING 2 scrolls of identify.
  8650 | D:9      | 8650 ||| IDENTIFYING smoky red potion
  8775 | Lair:1   | Entered Level 1 of the Lair of Beasts
  8787 | Lair:1   | Found a transporter.
  8788 | Lair:1   | Found a transporter.
  8791 | Lair:1   | Found a bloodstained altar of Trog.
  8791 | Lair:1   | Noticed a spriggan rider
  8791 | Lair:1   | Noticed qw's ghost (novice GrFi)
  8805 | Lair:1   | Noticed a moth of wrath
  8806 | Lair:1   | Noticed a spriggan berserker
  8842 | Lair:1   | 8842 ||| Stepping ~*~*~tactically~*~*~ (stealth).
  8843 | Lair:1   | 8843 ||| Stepping ~*~*~tactically~*~*~ (stealth).
  8848 | Lair:1   | Reached **** piety under Okawaru
  8849 | Lair:1   | 8849 ||| Stepping ~*~*~tactically~*~*~ (stealth).
  8851 | Lair:1   | 8851 ||| Stepping ~*~*~tactically~*~*~ (stealth).
  8852 | Lair:1   | 8852 ||| Stepping ~*~*~tactically~*~*~ (stealth).
  8966 | Lair:1   | 8966 ||| INVOKING Heroism.
  8973 | Lair:1   | Reached skill level 11 in Axes
  9121 | Lair:1   | 9121 ||| INVOKING Heroism.
  9381 | Lair:1   | Noticed a seven-headed hydra
  9382 | Lair:1   | 9382 ||| INVOKING Heroism.
  9383 | Lair:1   | 9383 ||| SWAPPING to +0 demon whip of venom.
  9392 | Lair:1   | Killed a seven-headed hydra
  9393 | Lair:1   | Reached skill level 6 in Invocations
  9393 | Lair:1   | 9393 ||| SWAPPING to +4 war axe of freezing.
  9410 | Lair:1   | Received a gift from Okawaru
  9555 | Lair:2   | 9555 ||| INVOKING Heroism.
  9561 | Lair:2   | Reached XP level 12. HP: 69/73 MP: 14/17
  9568 | Lair:2   | 9568 ||| Stepping ~*~*~tactically~*~*~ (stealth).
  9581 | Lair:2   | 9581 ||| Stepping ~*~*~tactically~*~*~ (stealth).
  9593 | Lair:2   | 9593 ||| INVOKING Heroism.
  9605 | Lair:2   | Noticed a boulder beetle
  9624 | Lair:2   | Killed a boulder beetle
  9673 | Lair:2   | 9673 ||| INVOKING Heroism.
  9697 | Lair:2   | 9697 ||| Stepping ~*~*~tactically~*~*~ (stealth).
  9957 | Lair:2   | 9957 ||| INVOKING Heroism.
  9979 | Lair:2   | 9979 ||| Stepping ~*~*~tactically~*~*~ (stealth).
  9998 | Lair:2   | 9998 ||| INVOKING Heroism.
 10055 | Lair:2   | Received a gift from Okawaru
 10056 | Lair:2   | Reached skill level 9 in Fighting
 10061 | Lair:2   | 10061 ||| Stepping ~*~*~tactically~*~*~ (stealth).
 10063 | Lair:2   | 10063 ||| Stepping ~*~*~tactically~*~*~ (hiding).
 10066 | Lair:2   | 10066 ||| Stepping ~*~*~tactically~*~*~ (hiding).
 10106 | Lair:2   | 10106 ||| Stepping ~*~*~tactically~*~*~ (stealth).
 10107 | Lair:2   | 10107 ||| Stepping ~*~*~tactically~*~*~ (stealth).
 10135 | Lair:2   | Found a staircase to the Snake Pit.
 10682 | Lair:2   | 10682 ||| UPGRADING to +4 ring of protection.
 10747 | Lair:3   | Reached ***** piety under Okawaru
 10748 | Lair:3   | Reached skill level 9 in Invocations
 10755 | Lair:3   | Received a gift from Okawaru
 10764 | Lair:3   | 10764 ||| INVOKING Heroism.
 10835 | Lair:3   | 10835 ||| Stepping ~*~*~tactically~*~*~ (stealth).
 10838 | Lair:3   | 10838 ||| INVOKING Heroism.
 10862 | Lair:3   | Reached skill level 12 in Axes
 10874 | Lair:3   | Noticed a six-headed hydra
 10875 | Lair:3   | 10875 ||| Stepping ~*~*~tactically~*~*~ (stealth).
 10878 | Lair:3   | 10878 ||| INVOKING Finesse.
 10879 | Lair:3   | 10879 ||| SWAPPING to +0 demon whip of venom.
 10883 | Lair:3   | 10883 ||| INVOKING Heroism.
 10889 | Lair:3   | Killed a six-headed hydra
 10890 | Lair:3   | Reached XP level 13. HP: 66/80 MP: 12/20
 10890 | Lair:3   | 10890 ||| SWAPPING to +4 war axe of freezing.
 11055 | Lair:3   | 11055 ||| INVOKING Heroism.
 11066 | Lair:3   | Reached skill level 9 in Armour
 11113 | Lair:3   | 11113 ||| Stepping ~*~*~tactically~*~*~ (stealth).
 11206 | Lair:3   | 11206 ||| Stepping ~*~*~tactically~*~*~ (stealth).
 11208 | Lair:3   | 11208 ||| Stepping ~*~*~tactically~*~*~ (stealth).
 11216 | Lair:3   | 11216 ||| Stepping ~*~*~tactically~*~*~ (stealth).
 11218 | Lair:3   | 11218 ||| Stepping ~*~*~tactically~*~*~ (stealth).
 11289 | Lair:3   | 11289 ||| Stepping ~*~*~tactically~*~*~ (stealth).
 11290 | Lair:3   | 11290 ||| Stepping ~*~*~tactically~*~*~ (stealth).
 11292 | Lair:3   | 11292 ||| Stepping ~*~*~tactically~*~*~ (stealth).
 11427 | Lair:3   | 11427 ||| INVOKING Heroism.
 11736 | Lair:3   | 11736 ||| UPGRADING to +0 pair of boots of flying.
 11768 | Lair:3   | 11768 ||| DROPPING amulet of the acrobat.
 11811 | Lair:4   | 11811 ||| INVOKING Heroism.
 11952 | Lair:4   | 11952 ||| Stepping ~*~*~tactically~*~*~ (stealth).
 11953 | Lair:4   | 11953 ||| Stepping ~*~*~tactically~*~*~ (stealth).
 11998 | Lair:4   | 11998 ||| INVOKING Heroism.
 12035 | Lair:4   | 12035 ||| Stepping ~*~*~tactically~*~*~ (hiding).
 12037 | Lair:4   | 12037 ||| Stepping ~*~*~tactically~*~*~ (hiding).
 12038 | Lair:4   | 12038 ||| Stepping ~*~*~tactically~*~*~ (hiding).
 12314 | Lair:4   | 12314 ||| INVOKING Heroism.
 12369 | Lair:4   | 12369 ||| INVOKING Heroism.
 12431 | Lair:4   | 12431 ||| Stepping ~*~*~tactically~*~*~ (stealth).
 12433 | Lair:4   | 12433 ||| INVOKING Heroism.
 12434 | Lair:4   | 12434 ||| Stepping ~*~*~tactically~*~*~ (stealth).
 12672 | Lair:4   | 12672 ||| INVOKING Heroism.
 12959 | Lair:5   | Entered Level 5 of the Lair of Beasts
 12960 | Lair:5   | 12960 ||| INVOKING Heroism.
 12995 | Lair:5   | Reached skill level 13 in Axes
 13044 | Lair:5   | 13044 ||| Stepping ~*~*~tactically~*~*~ (stealth).
 13048 | Lair:5   | Received a gift from Okawaru
 13055 | Lair:5   | 13055 ||| INVOKING Heroism.
 13133 | Lair:5   | 13133 ||| INVOKING Heroism.
 13142 | Lair:5   | Gained mutation: Your large and strong wings let you fly.
                  | [Gargoyle growth]
 13142 | Lair:5   | Reached XP level 14. HP: 65/88 MP: 19/21
 13212 | Lair:5   | Found a viscous altar of Jiyva.
 13212 | Lair:5   | Found a staircase to the Slime Pits.
 13217 | Lair:5   | 13217 ||| INVOKING Heroism.
 13218 | Lair:5   | 13218 ||| INVOKING Finesse.
 13222 | Lair:5   | 13222 ||| SWAPPING to +0 demon whip of venom.
 13229 | Lair:5   | 13229 ||| SWAPPING to +4 war axe of freezing.
 13316 | Lair:5   | 13316 ||| Stepping ~*~*~tactically~*~*~ (stealth).
 13336 | Lair:5   | 13336 ||| INVOKING Heroism.
 13340 | Lair:5   | Reached skill level 14 in Axes
 13466 | Lair:5   | 13466 ||| INVOKING Heroism.
 13561 | Lair:5   | 13561 ||| INVOKING Heroism.
 13562 | Lair:5   | 13562 ||| INVOKING Finesse.
 13563 | Lair:5   | 13563 ||| Stepping ~*~*~tactically~*~*~ (stealth).
 13564 | Lair:5   | 13564 ||| Stepping ~*~*~tactically~*~*~ (stealth).
 13788 | Lair:5   | 13788 ||| DROPPING +1 flail of protection.
 13797 | Lair:5   | 13797 ||| Stepping ~*~*~tactically~*~*~ (stealth).
 13860 | Lair:5   | Identified the +2 kite shield of Jigsaw {Str-2 Dex+4 SInv}
                  | (Okawaru gifted it to you on level 5 of the Lair of Beasts)
 13860 | Lair:5   | Received a gift from Okawaru
 13883 | Lair:5   | 13883 ||| Stepping ~*~*~tactically~*~*~ (hiding).
 13889 | Lair:5   | 13889 ||| Stepping ~*~*~tactically~*~*~ (stealth).
 13909 | Lair:5   | 13909 ||| INVOKING Heroism.
 13951 | Lair:5   | 13951 ||| Stepping ~*~*~tactically~*~*~ (stealth).
 13952 | Lair:5   | 13952 ||| Stepping ~*~*~tactically~*~*~ (stealth).
 13955 | Lair:5   | 13955 ||| INVOKING Heroism.
 14003 | Lair:5   | Identified the staff of the Jumping Soothsayer {rPois rN+
                  | Int+7 SInv Stlth- Necro}
 14264 | Lair:5   | 14264 ||| Stepping ~*~*~tactically~*~*~ (stealth).
 14270 | Lair:5   | 14270 ||| Stepping ~*~*~tactically~*~*~ (hiding).
 14275 | Lair:5   | 14275 ||| INVOKING Heroism.
 14277 | Lair:5   | 14277 ||| INVOKING Finesse.
 14335 | Lair:5   | Identified the +9 great sword "Geci Ytt" {flame, rC+}
 14351 | Lair:5   | 14351 ||| Stepping ~*~*~tactically~*~*~ (cloud).
 14365 | Lair:5   | 14365 ||| Stepping ~*~*~tactically~*~*~ (stealth).
 14366 | Lair:5   | 14366 ||| Stepping ~*~*~tactically~*~*~ (stealth).
 14408 | Lair:5   | 14408 ||| PLANNING D:1-11
 14408 | Lair:5   | 14408 ||| UPGRADING to +2 kite shield of Jigsaw {Str-2
                  | Dex+4 SInv}.
 14418 | Lair:5   | 14418 ||| REMOVING ring of see invisible.
 14419 | Lair:5   | 14419 ||| DROPPING +0 kite shield.
 14420 | Lair:5   | 14420 ||| UPGRADING to ring of protection from cold.
 14421 | Lair:5   | 14421 ||| READING scroll labelled MUM ETZOMAUJ.
 14421 | Lair:5   | Identified a scroll of acquirement
 14421 | Lair:5   | 14421 ||| ACQUIRING +2 heavy broad axe
 14421 | Lair:5   | Acquired a +2 heavy broad axe
 14423 | Lair:5   | 14423 ||| SWAPPING to +2 heavy broad axe.
 14424 | Lair:5   | 14424 ||| DROPPING +4 war axe of freezing.
 14425 | Lair:5   | 14425 ||| READING 5 scrolls of identify.
 14425 | Lair:5   | 14425 ||| IDENTIFYING white potion
 14629 | D:10     | Entered Level 10 of the Dungeon
 14630 | D:10     | 14630 ||| Stepping ~*~*~tactically~*~*~ (hiding).
 14631 | D:10     | 14631 ||| Stepping ~*~*~tactically~*~*~ (hiding).
 14637 | D:10     | 14637 ||| Stepping ~*~*~tactically~*~*~ (cloud).
 14638 | D:10     | 14638 ||| Stepping ~*~*~tactically~*~*~ (stealth).
 14642 | D:10     | 14642 ||| STAIRDANCE
 14708 | D:10     | 14708 ||| Stepping ~*~*~tactically~*~*~ (stealth).
 14709 | D:10     | 14709 ||| Stepping ~*~*~tactically~*~*~ (stealth).
 14711 | D:10     | 14711 ||| Stepping ~*~*~tactically~*~*~ (stealth).
 14724 | D:10     | Reached skill level 3 in Dodging
 14770 | D:10     | 14770 ||| Stepping ~*~*~tactically~*~*~ (stealth).
 14784 | D:10     | Reached skill level 12 in Shields
 14789 | D:10     | Found an opulent altar of Gozag.
 14985 | D:10     | Identified the +2 dagger "Beetleslayer" {flame, rElec rPois
                  | rCorr}
 15202 | D:10     | 15202 ||| Stepping ~*~*~tactically~*~*~ (stealth).
 15204 | D:10     | 15204 ||| Stepping ~*~*~tactically~*~*~ (stealth).
 15242 | D:10     | 15242 ||| UPGRADING to +2 helmet of see invisible.
 15252 | D:10     | 15252 ||| DROPPING +0 helmet.
 15253 | D:10     | 15253 ||| READING 5 scrolls of identify.
 15253 | D:10     | 15253 ||| IDENTIFYING puce potion
 15299 | D:11     | 15299 ||| Stepping ~*~*~tactically~*~*~ (stealth).
 15306 | D:11     | 15306 ||| Stepping ~*~*~tactically~*~*~ (stealth).
 15482 | D:11     | 15482 ||| Stepping ~*~*~tactically~*~*~ (stealth).
 15532 | D:11     | 15532 ||| DRINKING 9 potions of curing.
 15532 | D:11     | 15532 ||| (to cure confusion)
 15893 | D:11     | 15893 ||| PLANNING D
 15932 | D:12     | Noticed Fannar
 15939 | D:12     | 15939 ||| INVOKING Heroism.
 15940 | D:12     | 15940 ||| INVOKING Finesse.
 15943 | D:12     | Killed Fannar
 15944 | D:12     | 15944 ||| DRINKING 8 potions of curing.
 15944 | D:12     | 15944 ||| (to cure confusion)
 15956 | D:12     | Reached skill level 6 in Throwing
 16086 | D:12     | Noticed Maurice
 16087 | D:12     | 16087 ||| Stepping ~*~*~tactically~*~*~ (hiding).
 16092 | D:12     | 16092 ||| Stepping ~*~*~tactically~*~*~ (hiding).
 16096 | D:12     | Paralysed by Maurice for 2 turns
 16100 | D:12     | Paralysed by Maurice for 2 turns
 16102 | D:12     | Killed Maurice
 16135 | D:12     | 16135 ||| Stepping ~*~*~tactically~*~*~ (hiding).
 16181 | D:12     | Noticed Nessos
 16187 | D:12     | 16187 ||| Stepping ~*~*~tactically~*~*~ (hiding).
 16189 | D:12     | 16189 ||| INVOKING Heroism.
 16194 | D:12     | 16194 ||| READING 10 scrolls of teleportation.
 16195 | D:12     | Slain by an enormous slime creature

Levels and vault maps discovered:
D:1:      doesnt_arrival_eight_statues, layout_basic,
          dilly_ecumenical_altar_fadedgnrine, hangedman_decor_push
D:2:      layout_basic
D:3:      layout_loops_ring, serial_shops, nicolae_shop_behind_doors,
          ebering_ghost_reflecting_pool
D:4:      layout_loops_ring, grunt_temple_overflow_octagram,
          gammafunk_ghost_split, uniq_edmund, uniq_sigmund
D:5:      layout_basic, mainiacjoe_overflow_boulevard,
          minmay_temple_entry_enclosed_plants, uniq_grinder
D:6:      layout_cave_pods
D:7:      layout_loops_ring, gammafunk_ghost_arena, lightli_corner_chamber,
          uniq_crazy_yiuf_cottage, uniq_pikel
D:8:      layout_loops_corners, kennysheep_crisscross, uniq_erica, uniq_joseph,
          uniq_amaemon
D:9:      layout_basic, erik_lair_dragon, erik_orc_2
D:10:     layout_rooms, grunt_gozag_statues
D:11:     layout_loops_cross
D:12:     layout_loops_cross, chequers_serial_rivers_small_3,
          nicolae_twisting_strands, minmay_door_square, chequers_big_river,
          uniq_gastronok, uniq_nessos, uniq_fannar, uniq_maurice
Lair:1:   layout_chaotic_city, gammafunk_ghost_wrathful_warriors,
          grunt_forest_large_clearing_hut, lemuel_fruit_tree
Lair:2:   layout_long_grid, nicolae_shoals_entry_flooding,
          minmay_snake_entry_six_corridors, beast_lair_carwin_5
Lair:3:   lemuel_ratsnest, layout_gridlike, nicolae_lair_run_with_the_wolves
Lair:4:   layout_cellular_growth
Lair:5:   guppyfry_lair_end_dragon, layout_regular_city,
          hangedman_lair_tendril_chambers, slime_entry_1,
          grunt_forest_stairs_basic, st_stairs_4

Skill      XL: |  1  2  3  4  5  6  7  8  9 10 11 12 13 14 |
---------------+-------------------------------------------+-----
Axes           | 2 3 4 5 6 7 8 9 11 12 13 14 | 14.6
Fighting       | 4 6 7 8 9 10 11 | 11.1
Armour         | 4 5 6 8 10 11 | 11.0
Dodging        | 2 3 |  3.0
Throwing       | 1 3 5 6 |  6.0
Invocations    | 4 6 10 | 10.0
Shields        | 8 9 10 11 12 | 12.0

Action                     |  1- 3 |  4- 6 |  7- 9 | 10-12 | 13-15 || total
---------------------------+-------+-------+-------+-------+-------++-------
  Melee: War axe           |    86 |    85 |   203 |   480 |   464 ||  1318
         Demon whip        |       |       |       |    17 |     5 ||    22
         Broad axe         |       |       |       |       |   146 ||   146
  Throw: Boomerang         |       |       |    32 |    92 |    79 ||   203
         Javelin           |       |       |       |       |   101 ||   101
 Invoke: Heroism           |       |       |     8 |    24 |    20 ||    52
         Finesse           |       |       |       |     1 |     4 ||     5
    Use: Scroll            |     7 |     7 |    10 |     4 |     4 ||    32
         Potion            |       |     1 |     1 |     1 |     2 ||     5
   Stab: Paralysed         |       |     2 |       |       |       ||     2
 Armour: Scale mail        |    13 |       |       |       |       ||    13
         Plate armour      |    43 |    48 |   125 |   309 |   359 ||   884
  Dodge: Dodged            |    30 |    23 |    61 |   123 |   165 ||   402
  Block: Buckler           |    11 |    23 |    16 |       |       ||    50
         Kite shield       |       |       |    23 |   256 |   352 ||   631

Table legend:
 A = Non-vault XP
 B = Vault XP
 C = Vault XP percentage of total XP
 D = Non-vault monster count
 E = Vault monster count
 F = Vault count percentage of total count
                 A         B        C        D         E       F
            +---------+---------+-------+---------+---------+-------
      Total |   54589 |   29929 |  35.4 |     341 |     149 |  30.4
            +---------+---------+-------+---------+---------+-------
        D:1 |      20 |       0 |   0.0 |      12 |       0 |   0.0
        D:2 |      68 |       0 |   0.0 |      22 |       0 |   0.0
        D:3 |      44 |       0 |   0.0 |      19 |       0 |   0.0
        D:4 |     240 |     372 |  60.8 |      17 |       2 |  10.5
        D:5 |    1185 |     286 |  19.4 |      26 |       1 |   3.7
        D:6 |     911 |       0 |   0.0 |      20 |       0 |   0.0
        D:7 |     548 |     617 |  53.0 |      11 |       1 |   8.3
        D:8 |    1472 |    2501 |  62.9 |      22 |       4 |  15.4
        D:9 |    2826 |    1927 |  40.5 |      28 |      22 |  44.0
       D:10 |    2854 |       0 |   0.0 |      19 |       0 |   0.0
       D:11 |    2730 |       0 |   0.0 |      15 |       0 |   0.0
       D:12 |    4744 |    1320 |  21.8 |      18 |       2 |  10.0
     Lair:1 |    3491 |    1267 |  26.6 |      16 |       3 |  15.8
     Lair:2 |    2509 |    4505 |  64.2 |      10 |      20 |  66.7
     Lair:3 |    9122 |    2736 |  23.1 |      27 |      47 |  63.5
     Lair:4 |   10727 |       0 |   0.0 |      32 |       0 |   0.0
     Lair:5 |   11098 |   14398 |  56.5 |      27 |      47 |  63.5
            +---------+---------+-------+---------+---------+-------
